 Dungeon Crawl Stone Soup version 0.30-a0-1053-gbd8d5ba0ad (webtiles) character file.

Game seed: 1560089312442394367

40 domi the Digger (level 4, 0/49 HPs)
             Began as a Meteoran Earth Elementalist on Apr 12, 2023.
             Slain by a phantom (4 damage)
             ... on level 4 of the Dungeon.
             The game lasted 00:02:41 (362 turns).

domi the Digger (Meteoran Earth Elementalist)        Turns: 362, Time: 00:02:42

Health: 0/49       AC:  2    Str: 10    XL:     4   Next: 0%
Magic:  9/9        EV: 12    Int: 18    God:
Gold:   66         SH:  0    Dex: 14    Spells: 2/8 levels left

rFire   . . .      SeeInvis .    e - +0 dagger (holy)
rCold   . . .      Faith    .    (no shield)
rNeg    . . .      Spirit   .    a - +0 robe
rPois   .          Reflect  .    (no helmet)
rElec   .          Rampage  .    (no cloak)
rCorr   .                        (no gloves)
Will    .....                    (no boots) Stlth
                                 (no amulet)
HPRegen 0.28/turn                (no ring)
MPRegen 0.11/turn                (no ring)

@: berserking, glowing, very quick
A: sense surroundings 1, otherworldly, glowing, explore regen
a: no special abilities


You were on level 4 of the Dungeon.
You visited 2 branches of the dungeon, and saw 5 of its levels.

You collected 66 gold pieces.

Inventory:

Hand Weapons
 e - a +0 dagger of holy wrath (weapon)
   (You took it off a goblin on level 1 of the Dungeon)
Armour
 a - a +0 robe (worn)
Potions
 c - a potion of heal wounds {unknown}
 d - 3 potions of mutation {!q!q}
 g - a potion of cancellation {unknown}
 h - a potion of haste {unknown}
 i - a potion of berserk rage {!q!q}
 j - a potion of resistance {unknown}


   Skills:
 - Level 2.4 Dodging
 - Level 1.4 Stealth
 - Level 2.6 Spellcasting
 + Level 1.0 Conjurations
 - Level 1.2 Transmutations
 + Level 5.2 Earth Magic


You had 2 spell levels left.
You knew the following spells:

 Your Spells              Type           Power      Damage    Failure   Level
x - Stone Arrow           Conj/Erth      26%        3d8       14%         3
z - Sandblast             Erth           42%        2d11      1%          1
N - Passwall              Tmut/Erth      10%        N/A       7%          2

Your spell library contained the following spells:

 Spells                   Type           Power      Damage    Failure   Level
 Petrify                  Tmut/Erth      13%        N/A       41%         4


Dungeon Overview and Level Annotations

Branches:
Dungeon (4/15) Zot: 2095   Temple (1/1) D:4 Zot: 518

Altars:
Ashenzari
Cheibriados
Dithmenos
Elyvilon
Fedhas
Gozag
Hepliaklqana
Makhleb
Nemelex Xobeh
Okawaru
Qazlal
Trog
Uskayaw
Vehumet
Wu Jian
Xom
Yredelemnul
The Shining One


Innate Abilities, Weirdness & Mutations

You passively map a small area around you.
You are easily found by Zot.
You glow in the dark.
You regain HP and MP as you explore.


Message History

Found a stormy altar of Qazlal and a radiant altar of Vehumet.
You enter the shallow water.
Moving in this stuff is going to be slow.
There is a staircase back to the Dungeon here.
You enter the shallow water.
Moving in this stuff is going to be slow.
You enter the shallow water.
Moving in this stuff is going to be slow.
You enter the shallow water.
Moving in this stuff is going to be slow.
There is a staircase back to the Dungeon here.
You climb upwards.
Welcome back to the Dungeon!
You hear the sound of rushing water.
There is an entrance to a sewer on this level.
Hurry and find it before the portal rusts away!
You hear the rusting of a very distant drain.
There is a staircase to the Ecumenical Temple here.
You enter the shallow water.
Moving in this stuff is going to be slow.
Why would you want to do that?
You see here a +0 plate armour.
You now have 62 gold pieces (gained 6).
Found a stone staircase leading down.
An orc comes into view. It is wielding a +0 flail.
The orc shouts!
An orc comes into view. It is wielding a +0 hand axe.
An orc comes into view. It is wielding a +0 dagger.
An orc comes into view. It is wielding a +0 falchion.
Found a stone staircase leading up.
The orc shouts! x3
You see here 4 gold pieces.
You now have 66 gold pieces (gained 4).
Aim: an orc, wielding a +0 flail and wearing a +0 scale mail (85% to hit)
The blast of sand hits the orc.
An endoplasm comes into view.
Aim: an orc, wielding a +0 flail and wearing a +0 scale mail (severely wounded, 85% to hit)
The blast of sand hits the orc!
You kill the orc!
An endoplasm comes into view.
Aim: an orc, wielding a +0 dagger (83% to hit)
The blast of sand hits the orc!
You kill the orc!
The endoplasm quivers.
Aim: an orc, wielding a +0 hand axe (83% to hit)
The blast of sand hits the orc.
The orc closely misses you. The orc hits you with a +0 hand axe.
Aim: an orc, wielding a +0 hand axe (moderately wounded, 83% to hit)
The blast of sand hits the orc!
You kill the orc!
The orc hits you with a +0 falchion.
Aim: an orc, wielding a +0 falchion (83% to hit)
The blast of sand misses the orc.
The orc closely misses you. The endoplasm barely misses you.
The endoplasm freezes you.
You are frozen.
The orc hits you with a +0 falchion!
Aim: an orc, wielding a +0 falchion (83% to hit)
The blast of sand hits the orc!
You kill the orc!
The endoplasm freezes you.
You are frozen.
Your Conjurations skill increases to level 1!
Aim: an endoplasm (98% to hit)
The blast of sand hits the endoplasm!
You kill the endoplasm!
You hear the rusting of a distant drain.
The endoplasm freezes you.
You are frozen.
The endoplasm hits you.
Aim: an endoplasm (98% to hit)
The blast of sand hits the endoplasm!!
You kill the endoplasm!
You have reached level 4!
A phantom comes into view.
Aim: a phantom (76% to hit)
The blast of sand misses the phantom.
Aim: a phantom (76% to hit)
The blast of sand hits the phantom.
Aim: a phantom (moderately damaged, 76% to hit)
The blast of sand hits the phantom.
The phantom hits you.
The phantom blinks!
You blink.
The phantom hits you. Magic courses through your body. The phantom hits you.
* * * LOW HITPOINT WARNING * * *
The phantom blinks!
You blink.
It was a potion of berserk rage.
A red film seems to cover your vision as you go berserk!
You feel yourself moving faster!
You feel mighty!
The phantom hits you but does no damage.
You closely miss the phantom. You closely miss the phantom.
The phantom misses you.
You closely miss the phantom. The phantom barely misses you.
You barely miss the phantom. You miss the phantom. The phantom hits you.
* * * LOW HITPOINT WARNING * * *
You hit the phantom.
The phantom convulses.
The phantom hits you!
* * * LOW HITPOINT WARNING * * *
The phantom blinks!
You blink.
You barely miss the phantom. You hit the phantom.
The phantom convulses.
The phantom hits you.
You die...

#.≈≈≈≈≈≈...≈≈≈≈≈≈...# ,
#.≈≈≈≈≈≈≈≈≈≈≈≈≈≈≈...#,,
##..≈≈≈≈≈≈≈≈≈≈≈≈≈.....
#.....≈≈≈≈≈≈≈≈≈......
#.......≈≈≈≈≈........
#...................
#...##........?....
###..##.W.#........
##.....@.........
###........!.... *
##......>#...., ,
#.....§....... ,
###...§..###..
#.).##..#*, ,
##)..#....., ,
#.)........ , ,
#.......... ,


You could see a phantom.

Vanquished Creatures
  An adder (D:2)
  2 dart slugs (D:3)
  5 orcs (D:4)
  4 endoplasms
  2 giant cockroaches (D:1)
  2 goblins
  3 ball pythons
  3 kobolds
22 creatures vanquished.

Notes
Turn   | Place    | Note
-------+----------+-------------------------------------------
     0 | D:1      | domi the Meteoran Earth Elementalist began the quest for
                  | the Orb.
     0 | D:1      | Reached XP level 1. HP: 14/14 MP: 5/5
    57 | D:1      | Reached skill level 4 in Earth Magic
    58 | D:1      | Reached XP level 2. HP: 16/20 MP: 0/6
   113 | D:2      | Learned a level 2 spell: Passwall
   119 | D:3      | Reached XP level 3. HP: 25/26 MP: 6/8
   149 | D:3      | Reached skill level 5 in Earth Magic
   157 | D:3      | Learned a level 3 spell: Stone Arrow
   213 | D:4      | Found a staircase to the Ecumenical Temple.
   224 | Temple   | Entered the Ecumenical Temple
   345 | D:4      | Reached skill level 1 in Conjurations
   347 | D:4      | Reached XP level 4. HP: 13/33 MP: 0/9
   348 | D:4      | Noticed a phantom
   353 | D:4      | HP: 7/33 [phantom (6)]
   359 | D:4      | HP: 11/49 [phantom (1)]
   360 | D:4      | HP: 4/49 [phantom (7)]
   362 | D:4      | Slain by a phantom

Illustrated notes

Levels and vault maps discovered:
D:1:      lemuel_arrival_cross, layout_loops_ring, chequers_avenue
D:2:      layout_loops_ring, hellmonk_ecumenical_altar_prayer_group,
          grunt_ministairs_14
D:3:      layout_rooms, gammafunk_ghost_mausoleum, uniq_ijyb
D:4:      minmay_recursive_quarters, layout_cave_pools, temple_pool_b,
          gup_sewer_entry_spiral, minmay_bisected
Temple:   nicolae_temple_bog_church

Skill      XL: |  1  2  3 |
---------------+----------+-----
Earth Magic    | 4 5 |  5.2
Conjurations   | 1 |  1.0
Dodging        | |  2.4
Stealth        | |  1.4
Spellcasting   | |  2.6
Transmutations | |  1.2

Action                     |  1- 3 |  4- 6 || total
---------------------------+-------+-------++-------
  Melee: Dagger            |     5 |     8 ||    13
   Cast: Sandblast         |    36 |     3 ||    39
    Use: Scroll            |     1 |       ||     1
         Potion            |       |     2 ||     2
 Armour: Robe              |    12 |     1 ||    13
  Dodge: Dodged            |    17 |     2 ||    19

Table legend: (Time is in decaauts)
 A = Elapsed time spent in this place.
 B = Non-inter-level travel time spent in this place.
 C = Inter-level travel time spent in this place.
 D = Time resting spent in this place.
 E = Time spent auto-exploring this place.
 F = Levels seen in this place.
 G = Mean time per level.
                   A        B        C        D        E       F      G
               +--------+--------+--------+--------+--------+-----+--------+
         Total |    386 |    373 |     13 |      0 |      8 |   5 |   77.2 |
       Dungeon |    304 |    304 |      0 |      0 |      8 |   4 |   76.0 |
        Temple |     82 |     69 |     13 |      0 |      0 |   1 |   82.0 |
               +--------+--------+--------+--------+--------+-----+--------+

Top non-repeatable levels by time:
     D:1: 108 daAuts
     D:4: 96 daAuts
     D:3: 86 daAuts
  Temple: 82 daAuts
     D:2: 12 daAuts

Table legend:
 A = Kills in this place as a percentage of kills in the entire game.
 B = Kills by you in this place as a percentage of kills by you in the entire game.
 C = Kills by friends in this place as a percentage of kills by friends in the entire game.
 D = Other kills in this place as a percentage of other kills in the entire game.
 E = Experience gained in this place as a percentage of experience gained in the entire game.
 F = Experience gained in this place divided by the number of levels of this place that you have seen.
                   A       B       C       D       E      F
               +-------+-------+-------+-------+-------+----------------------
         Total | 100.0 | 100.0 |   N/A |   N/A | 100.0 |  11.6
       Dungeon | 100.0 | 100.0 |   N/A |   N/A | 100.0 |  14.5
               +-------+-------+-------+-------+-------+----------------------
